AoeStats
← polom.s1989

Arena

508909404Analyzed
4v4 RM · 8d ago on Sep 24, 2026· 45m 14s· 8 players
Game mode
Random Map
Map size
Large (8 player)
Population
200
Speed
Normal
Resources
Standard
Victory
Conquest
Starting age
Dark Age
Ending age
Imperial Age
RankedLock teamsTeams togetherTeam positionsShared explorationLock speedFull tech treeHidden civsTurbo modeCheats
Victory
Defeat
🇦🇱 Chinese · Albania
1595
+13
🇲🇽 Varangians · Mexico
1578
+13
🇻🇳 Mongols · Vietnam
1572
+14
🇮🇳 Saxons · India
1514
+16
🇦🇷 Saxons · Argentina
1545
-15
🇧🇦 Italians · Bosnia & Herzegovina
1516
-14
🇱🇻 Varangians · Latvia
1512
-14
🇨🇿 Slavs · Czechia
1504
-13
BalkanRedneck
0:26 Loom
10:06 Feudal Age
11:44 Double-Bit Axe
14:00 Castle Age
12:12 Horse Collar
15:07 Bow Saw
19:56 Wheelbarrow
21:07 Heavy Plow
21:56 Hand Cart
21:50 Gold Mining
22:27 Stone Mining
23:31 Gold Shaft Mining
23:50 Town Watch
27:06 Imperial Age
25:23 Fletching
25:58 Ballistics
26:07 Bodkin Arrow
26:34 Masonry
26:47 Padded Archer Armor
27:04 Great Wall
27:27 Thumb Ring
27:36 Thumb Ring
27:48 Leather Archer Armor
28:11 Bracer
29:12 Chemistry
28:34 Conscription
29:38 Two-Man Saw
29:42 Ring Archer Armor
29:15 Elite Chu Ko Nu
29:37 Capped Ram
31:05 Coinage
32:08 Architecture
31:33 Murder Holes
31:39 Siege Ram
41:35 Scale Barding Armor
41:31 Scale Mail Armor
42:21 Forging
42:03 Light Cavalry
42:53 Bloodlines
42:44 Husbandry
43:06 Chain Barding Armor
43:52 Forging
46:06 Plate Barding Armor
46:06 Iron Casting
23
9:43 Feudal Age
10:55 Double-Bit Axe
13:40 Castle Age
11:31 Horse Collar
21:14 Bow Saw
22:35 Stone Mining
23:47 Wheelbarrow
28:04 Imperial Age
26:03 Ballistics
25:36 Fletching
25:47 Crossbowman
26:45 Bodkin Arrow
27:13 Padded Archer Armor
27:47 Hand Cart
27:34 Gold Mining
27:38 Loom
28:50 Bracer
29:54 Chemistry
30:09 Leather Archer Armor
29:25 Clerical Recruitment
30:23 Block Printing
30:29 Thumb Ring
30:38 Town Watch
31:25 Ring Archer Armor
31:54 Scale Mail Armor
32:05 Forging
31:55 Squires
31:17 Elite Varangian Guard
33:32 Chain Mail Armor
32:39 Pikeman
33:46 Siege Engineers
33:27 Halberdier
34:45 Iron Casting
34:45 Redemption
34:56 Sanctity
35:04 Illumination
35:44 Plate Mail Armor
35:09 Arbalester
36:30 Arson
37:14 Conscription
36:16 Shield Wall
37:19 Capped Ram
38:06 Siege Engineers
38:23 Heavy Plow
39:23 Two-Man Saw
40:04 Treadmill Crane
40:34 Masonry
41:31 Redemption
41:57 Theocracy
42:31 Siege Ram
44:44 Coinage
Viet Nam Strategy
10:50 Feudal Age
11:44 Double-Bit Axe
14:47 Castle Age
12:45 Horse Collar
13:00 Stone Mining
14:57 Wheelbarrow
14:43 Gold Mining
15:56 Bow Saw
16:15 Heavy Plow
23:35 Hand Cart
24:46 Loom
24:50 Town Watch
29:49 Imperial Age
28:09 Gold Shaft Mining
27:47 Fletching
27:58 Padded Archer Armor
28:30 Bodkin Arrow
29:34 Leather Archer Armor
29:50 Ballistics
29:42 Bloodlines
29:32 Husbandry
29:57 Thumb Ring
30:35 Elite Mangudai
32:40 Chemistry
31:24 Light Cavalry
32:20 Bracer
32:53 Parthian Tactics
32:53 Conscription
32:35 Hussar
33:32 Scale Barding Armor
33:38 Forging
34:49 Chain Barding Armor
37:52 Iron Casting
44:35 Blast Furnace
kazumakine
10:52 Feudal Age
14:52 Castle Age
12:42 Horse Collar
12:52 Double-Bit Axe
15:35 Loom
15:36 Town Watch
16:04 Bow Saw
15:30 Crossbowman
19:24 Fletching
20:55 Bodkin Arrow
24:46 Wheelbarrow
25:08 Heavy Plow
26:08 Stone Mining
31:37 Imperial Age
28:49 Pikeman
29:29 Squires
29:40 Scale Mail Armor
29:55 Gold Mining
30:49 Ballistics
31:17 Padded Archer Armor
33:06 Bracer
32:30 Elite Skirmisher
32:32 Capped Ram
32:35 Onager
35:55 Chemistry
38:44 Two-Man Saw
38:17 Crop Rotation
39:11 Leather Archer Armor
39:17 Capped Ram
42:37 Ring Archer Armor
43:40 Siege Ram
SaleMajstor
11:01 Feudal Age
15:10 Castle Age
13:12 Double-Bit Axe
13:08 Horse Collar
17:45 Fletching
28:58 Imperial Age
27:38 Ballistics
28:24 Wheelbarrow
27:37 Loom
27:45 Gold Mining
28:06 Bow Saw
28:11 Bodkin Arrow
28:51 Padded Archer Armor
30:38 Chemistry
30:08 Conscription
30:05 Bracer
32:36 Two-Man Saw
32:04 Thumb Ring
34:49 Elite Genoese Crossbowman
36:00 Leather Archer Armor
39:04 Ring Archer Armor
polom.s1989
0:27 Loom
7:44 Loom
10:30 Feudal Age
17:08 Castle Age
15:09 Horse Collar
15:42 Double-Bit Axe
21:03 Wheelbarrow
21:30 Heavy Plow
24:02 Bow Saw
26:22 Town Watch
26:33 Gold Mining
26:50 Scale Mail Armor
27:01 Forging
27:48 Hand Cart
27:52 Stone Mining
32:25 Imperial Age
30:45 Gold Shaft Mining
30:28 Town Patrol
30:10 Pikeman
31:59 Squires
32:16 Detinets
33:33 Iron Casting
33:13 Chain Mail Armor
32:30 Onager
33:05 Heavy Scorpion
35:19 Blast Furnace
33:41 Heavy Scorpion
37:13 Heavy Scorpion
37:23 Siege Onager
37:49 Heavy Scorpion
37:58 Siege Onager
41:29 Capped Ram
42:23 Siege Ram
44:50 Two-Man Saw
45:47 Crop Rotation
두도스
9:32 Feudal Age
10:24 Double-Bit Axe
13:41 Castle Age
11:50 Double-Bit Axe
20:28 Wheelbarrow
20:22 Horse Collar
21:29 Heavy Plow
21:53 Bow Saw
23:04 Hand Cart
23:46 Stone Mining
23:50 Gold Mining
28:02 Imperial Age
25:43 Scale Barding Armor
25:55 Loom
26:56 Stone Shaft Mining
27:25 Bloodlines
27:15 Husbandry
27:55 Chain Barding Armor
27:46 Forging
28:06 Cavalier
29:21 Plate Barding Armor
28:57 Forging
29:52 Two-Man Saw
29:21 Guilds
29:40 Gothikon
30:41 Conscription
29:43 Vendel Legacy
30:51 Conscription
31:38 Crop Rotation
32:16 Iron Casting
34:31 Blast Furnace
39:53 Town Watch
40:24 Devotion
jAvi
9:55 Feudal Age
13:53 Castle Age
11:55 Double-Bit Axe
14:34 Horse Collar
20:03 Bow Saw
21:56 Wheelbarrow
23:21 Hand Cart
23:55 Stone Mining
26:05 Scale Mail Armor
26:15 Forging
25:56 Fletching
26:07 Padded Archer Armor
26:10 Loom
29:46 Imperial Age
26:39 Pikeman
27:19 Squires
27:22 Scale Mail Armor
27:32 Forging
27:13 Fletching
27:24 Padded Archer Armor
26:59 Elite Skirmisher
27:44 Thumb Ring
27:28 Arson
28:21 Chain Mail Armor
28:32 Heavy Plow
28:31 Gambesons
29:19 Ballistics
30:26 Iron Casting
29:47 Bodkin Arrow
31:40 Two-Man Saw
30:20 Shield Wall
32:04 Crop Rotation
32:13 Plate Mail Armor
31:55 Elite Varangian Guard
33:53 Conscription
33:02 Halberdier
34:37 Bracer
39:25 Chemistry
38:42 Leather Archer Armor
39:22 Elite Hearth Troop
Connection lost

Rejoining the realm…

Still unreachable

The connection could not be restored.

Session expired

The server has moved on; the page needs a fresh start.